 Dungeon Crawl Stone Soup version 0.26-a0-491-g70697cc071 (webtiles) character file.

Game seed: 10590522291597413923

63 ANON1729 the Sneak (level 3, -12/31 HPs)
             Began as a Palentonga Delver on Aug 4, 2020.
             Mangled by an ogre
             ... wielding a +0 giant club
              (24 damage)
             ... on level 6 of the Dungeon.
             The game lasted 00:00:38 (90 turns).

ANON1729 the Sneak (Palentonga Delver)                Turns: 90, Time: 00:00:39

Health: -12/31     AC:  4    Str: 16    XL:     3   Next: 87%
Magic:  3/3        EV: 10    Int: 10    God:
Gold:   0          SH:  0    Dex: 11    Spells: 2/2 levels left

rFire    . . .     SeeInvis +   a - +0 falchion
rCold    . . .     Faith    .   (no shield)
rNeg     . . .     Spirit   .   b - +0 leather armour
rPois    .         Reflect  .   (no helmet)
rElec    .         Harm     .   (no cloak)
rCorr    .                      (no gloves)
MR       .....                  (boots restricted)
Stlth    ++........             (no amulet)
HPRegen  0.10/turn              (no ring)
MPRegen  0.08/turn              (no ring)

@: hasted, very quick
A: large, rugged brown scales 3, see invisible, deformed body, roll, armoured
tail
a: Rolling Charge


You were on level 6 of the Dungeon.
You visited 1 branch of the dungeon, and saw 2 of its levels.

Inventory:

Hand Weapons
 a - a +0 falchion (weapon)
Armour
 b - a +0 leather armour (worn)
Wands
 g - a wand of digging (3)
Scrolls
 c - a scroll of fog
 d - a scroll of magic mapping
 e - a scroll of fear
Potions
 h - a potion of curing {unknown}
 i - a potion of berserk rage {unknown}


   Skills:
 + Level 3.5 Fighting
 + Level 2.7 Long Blades
 + Level 2.2 Dodging
 + Level 3.6 Stealth


You had 2 spell levels left.
You didn't know any spells.
Your spell library was empty.

Dungeon Overview and Level Annotations

Branches:
Dungeon (6/15)
 Temple: D:4-7

Altars:


Innate Abilities, Weirdness & Mutations

You are completely covered in rugged brown scales. (AC +3, +7% HP)
You have supernaturally acute eyesight. (SInv)
Armour fits poorly on your strangely shaped body.
You can roll at foes to attack.
You have a long armoured tail.


Message History

You feel stronger.
Roll where?
Press: ? - help, Dir - move target cursor, f - ogre
Aim: an ogre, wielding a +0 giant club You roll forward with a clatter of scales!
You hit the ogre.
The ogre is lightly wounded.
Roll where?
Press: ? - help, Dir - move target cursor, f/p - ogre
Aim: an ogre, wielding a +0 giant club (lightly wounded)
You roll forward with a clatter of scales!
Your leather armour prevents you from hitting the ogre.
Your tail-slap misses the ogre.
The ogre is lightly wounded.
The ogre hits you with a +0 giant club.
You slash the ogre!
The ogre is heavily wounded.
The ogre hits you with a +0 giant club!!
Ouch! That really hurt!
You die...

#........## #
#...####.# #.
#...####.#
.##.....##.#
#.
.........##.#
#.
#...........#
#.
####.#.####.#
#.
#####.#.####.#
#.
#..O@○°○.....#
## #.
#.############
##...#.##.#
.......?..#
##...###### ##


You could see an ogre.

Vanquished Creatures
  A bullfrog (D:6)
1 creature vanquished.

Notes
Turn   | Place    | Note
-------+----------+-------------------------------------------
     0 | D:5      | ANON1729 the Palentonga Delver began the quest for the Orb.
     0 | D:5      | Reached XP level 1. HP: 19/19 MP: 1/1
    11 | D:5      | Noticed an ice beast
    72 | D:6      | Noticed a bullfrog
    76 | D:6      | Noticed an ogre
    78 | D:6      | Killed a bullfrog
    78 | D:6      | Reached XP level 2. HP: 12/25 MP: 2/2
    78 | D:6      | Reached XP level 3. HP: 15/31 MP: 3/3
    90 | D:6      | Mangled by an ogre

Illustrated notes

Levels and vault maps discovered:
D:5:      layout_gridville, minmay_temple_entry_butterflies, serial_shops, shop,
          uniq_blork_the_orc
D:6:      layout_loops_ring, enter_ossuary_1, minmay_shop_enchanted_jewellery,
          uniq_duvessa, uniq_menkaure

Skill      XL: |  1 |
---------------+----+-----
Dodging        | 2 |  2.2
Fighting       | |  3.5
Long Blades    | |  2.7
Stealth        | |  3.6

Action                   || total
-------------------------++-------
Melee: Falchion          ||     7
 Abil: Rolling Charge    ||     3
  Use: Potion            ||     1
Armor: Leather armour    ||     1
Dodge: Dodged            ||     1

Table legend: (Time is in decaauts)
 A = Elapsed time spent in this place.
 B = Non-inter-level travel time spent in this place.
 C = Inter-level travel time spent in this place.
 D = Time resting spent in this place.
 E = Time spent auto-exploring this place.
 F = Levels seen in this place.
 G = Mean time per level.
                   A        B        C        D        E       F      G
               +--------+--------+--------+--------+--------+-----+--------+
         Total |     85 |     85 |      0 |      0 |     58 |   2 |   42.5 |
       Dungeon |     85 |     85 |      0 |      0 |     58 |   2 |   42.5 |
               +--------+--------+--------+--------+--------+-----+--------+

Top non-repeatable levels by time:
     D:6: 63 daAuts
     D:5: 22 daAuts
